MWL (24 & UNDER)
CINCINNATI PRIDE @ BEMIDJI BENDERS
05/17/2027
 
TOP OF THE 1ST
Cincinnati Pride batting - Pitching for Bemidji Benders : RHP Jaime Torres
Pitching: RHP Jaime Torres
Batting: SHB Jaime Martínez 0-0: Fly out, F9 (Line Drive, 9)
Batting: RHB Jorge Silva 0-0: Called Strike
0-1: Ball
1-1: Foul Ball, location: 2F
1-2: Foul Ball, location: 2F
1-2: Strikes out swinging
Batting: LHB John Clark 0-0: Ball
1-0: Fly out, F7 (Flyball, 7S)
Top of the 1st over - 0 run(s), 0 hit(s), 0 error(s), 0 left on base; Cincinnati 0 - Bemidji 0
BOTTOM OF THE 1ST
Bemidji Benders batting - Pitching for Cincinnati Pride : RHP Fernando Silva
Pitching: RHP Fernando Silva
Batting: LHB Simăo Polido 0-0: Ball
1-0: Called Strike
1-1: Foul Ball, location: 2F
1-2: Strikes out swinging
Batting: RHB Sandro Hernández 0-0: Swinging Strike
0-1: Foul Ball, location: 2F
0-2: Ball
1-2: Ground out 6-3 (Groundball, 6)
Batting: RHB Robert Rose 0-0: Called Strike
0-1: Swinging Strike
0-2: Strikes out looking
Bottom of the 1st over - 0 run(s), 0 hit(s), 0 error(s), 0 left on base; Cincinnati 0 - Bemidji 0
TOP OF THE 2ND
Cincinnati Pride batting - Pitching for Bemidji Benders : RHP Jaime Torres
Batting: LHB Gabriel Aragón 0-0: Swinging Strike
0-1: Foul Ball, location: 2F
0-2: Ball
1-2: SINGLE (Groundball, 34D)
Batting: RHB Roger Rush 0-0: Ball
1-0: Called Strike
1-1: Grounds into double play, 4-6-3 (Groundball, 4)
Batting: RHB Keith Sheehan 0-0: Foul Ball, location: 2F
0-1: Ball
1-1: Fly out, F7 (Line Drive, 7)
Top of the 2nd over - 0 run(s), 1 hit(s), 0 error(s), 0 left on base; Cincinnati 0 - Bemidji 0
BOTTOM OF THE 2ND
Bemidji Benders batting - Pitching for Cincinnati Pride : RHP Fernando Silva
Batting: SHB Gary Williams 0-0: Called Strike
0-1: Ball
1-1: Ball
2-1: Called Strike
2-2: Fly out, F4 (Popup, 3D)
Batting: RHB Pedro López 0-0: Ball
1-0: Ball
2-0: Ball
3-0: Called Strike
3-1: Swinging Strike
3-2: Strikes out looking
Batting: LHB Pat Carroll 0-0: Ball
1-0: Called Strike
1-1: Ball
2-1: Ground out 4-3 (Groundball, 4D)
Bottom of the 2nd over - 0 run(s), 0 hit(s), 0 error(s), 0 left on base; Cincinnati 0 - Bemidji 0
TOP OF THE 3RD
Cincinnati Pride batting - Pitching for Bemidji Benders : RHP Jaime Torres
Batting: RHB Burkhard Bittinger 0-0: Foul Ball, location: 2F
0-1: DOUBLE (Flyball, 8RM)
Batting: RHB Gary Miller 0-0: Ball
Burkhard Bittinger steals 3rd base
1-0: Called Strike
1-1: Fly out, F8 (Flyball, 78XD)
Runner from 3rd tags up, SCORES, no throw
Batting: SHB Jorge Maldonado 0-0: Ball
1-0: Bunted foul
1-1: Fly out, F8 (Line Drive, 8LM)
Batting: SHB Jaime Martínez 0-0: Called Strike
0-1: Ball
1-1: Ball
2-1: Foul Ball, location: 2F
2-2: Ball
3-2: Foul Ball, location: 2F
3-2: Base on Balls
Pitching: LHP Juan Rodríguez
Batting: RHB Jorge Silva 0-0: Called Strike
0-1: Ball
1-1: Ball
2-1: SINGLE (Groundball, 4MD)
Jaime Martínez to second
Batting: LHB John Clark 0-0: Swinging Strike
0-1: Ball
1-1: Ball
2-1: SINGLE (Groundball, 5D)
Jaime Martínez to third
Jorge Silva to second
Runner from 3rd tries for Home, SAFE, no throw
Batting: LHB Gabriel Aragón 0-0: Called Strike
0-1: Ball
1-1: Foul Ball, location: 2F
1-2: Fly out, F9 (Flyball, 9S)
Top of the 3rd over - 2 run(s), 3 hit(s), 0 error(s), 2 left on base; Cincinnati 2 - Bemidji 0
BOTTOM OF THE 3RD
Bemidji Benders batting - Pitching for Cincinnati Pride : RHP Fernando Silva
Batting: RHB Roberto Villela 0-0: Called Strike
0-1: Called Strike
0-2: Ground out 6-3 (Groundball, 6)
Batting: RHB John Jones 0-0: Ball
1-0: Fly out, F6 (Popup, 56)
Batting: RHB Phil Moore 0-0: Ball
1-0: Fly out, F8 (Flyball, 8RD)
Bottom of the 3rd over - 0 run(s), 0 hit(s), 0 error(s), 0 left on base; Cincinnati 2 - Bemidji 0
TOP OF THE 4TH
Cincinnati Pride batting - Pitching for Bemidji Benders : LHP Juan Rodríguez
Batting: RHB Roger Rush 0-0: Foul Ball, location: 2F
0-1: Ball
1-1: Ball
2-1: Foul Ball, location: 2F
2-2: Ball
3-2: Fly out, F8 (Line Drive, 8RD)
Batting: RHB Keith Sheehan 0-0: Foul Ball, location: 2F
0-1: Ball
1-1: Foul Ball, location: 2F
1-2: Ball
2-2: Foul Ball, location: 2F
2-2: Foul Ball, location: 2F
2-2: Ball
3-2: Base on Balls
Batting: RHB Burkhard Bittinger 0-0: Ball
1-0: Ball
2-0: SINGLE (Groundball, 34D)
Keith Sheehan to second
Runner from 2nd tries for 3rd, SAFE, no throw
Batting: RHB Gary Miller 0-0: Ball
1-0: Called Strike
1-1: Swinging Strike
1-2: Foul Ball, location: 2F
1-2: Strikes out swinging
Burkhard Bittinger steals 2nd base
Batter strikes out.
Batting: SHB Jorge Maldonado 0-0: Called Strike
0-1: Ground out 5-3 (Groundball, 56)
Top of the 4th over - 0 run(s), 1 hit(s), 0 error(s), 2 left on base; Cincinnati 2 - Bemidji 0
BOTTOM OF THE 4TH
Bemidji Benders batting - Pitching for Cincinnati Pride : RHP Fernando Silva
Batting: LHB Simăo Polido 0-0: Called Strike
0-1: Ball
1-1: Fly out, F5 (Line Drive, 5)
Batting: RHB Sandro Hernández 0-0: Foul Ball, location: 2F
0-1: Ball
1-1: Swinging Strike
1-2: Fly out, F8 (Line Drive, 8LM)
Batting: RHB Robert Rose 0-0: Called Strike
0-1: Called Strike
0-2: Ball
1-2: Ball
2-2: Ball
3-2: Foul Ball, location: 2F
3-2: Foul Ball, location: 2F
3-2: Strikes out swinging
Bottom of the 4th over - 0 run(s), 0 hit(s), 0 error(s), 0 left on base; Cincinnati 2 - Bemidji 0
TOP OF THE 5TH
Cincinnati Pride batting - Pitching for Bemidji Benders : LHP Juan Rodríguez
Batting: SHB Jaime Martínez 0-0: Ground out 4-3 (Groundball, 4)
Batting: RHB Jorge Silva 0-0: Ball
1-0: Ball
2-0: Called Strike
2-1: Foul Ball, location: 2F
2-2: TRIPLE (Line Drive, 78D)
Batting: LHB John Clark 0-0: Ball
1-0: Ball
2-0: Called Strike
2-1: Ball
3-1: Base on Balls
Batting: LHB Gabriel Aragón 0-0: Ball
1-0: 3-RUN HOME RUN (Flyball, 8RXD), Distance : 436 ft
Pitching: RHP Sergio Hernández
Batting: RHB Roger Rush 0-0: Ball
1-0: Foul Ball, location: 2F
1-1: Called Strike
1-2: Fly out, F7 (Flyball, 7)
Batting: RHB Keith Sheehan 0-0: Swinging Strike
0-1: Ball
1-1: Called Strike
1-2: Foul Ball, location: 2F
1-2: Ground out 4-3 (Groundball, 4M)
Top of the 5th over - 3 run(s), 2 hit(s), 0 error(s), 0 left on base; Cincinnati 5 - Bemidji 0
BOTTOM OF THE 5TH
Bemidji Benders batting - Pitching for Cincinnati Pride : RHP Fernando Silva
Batting: SHB Gary Williams 0-0: Ball
1-0: Fly out, F7 (Flyball, 78M)
Batting: RHB Pedro López 0-0: SINGLE (Line Drive, 8LS)
Batting: LHB Pat Carroll 0-0: Called Strike
0-1: Ball
1-1: SINGLE (Groundball, 34D)
Pedro López to second
Runner from 2nd tries for 3rd, SAFE, throw made to third
Pat Carroll to second
Batting: RHB Roberto Villela 0-0: Called Strike
0-1: Swinging Strike
0-2: Strikes out looking
Batting: RHB John Jones 0-0: Called Strike
0-1: Called Strike
0-2: Strikes out swinging
Bottom of the 5th over - 0 run(s), 2 hit(s), 0 error(s), 2 left on base; Cincinnati 5 - Bemidji 0
TOP OF THE 6TH
Cincinnati Pride batting - Pitching for Bemidji Benders : RHP Sergio Hernández
Batting: RHB Burkhard Bittinger 0-0: Foul Ball, location: 2F
0-1: Ball
1-1: Called Strike
1-2: Foul Ball, location: 2F
1-2: Ball
2-2: Ball
3-2: Foul Ball, location: 2F
3-2: Strikes out swinging
Batting: RHB Gary Miller 0-0: Swinging Strike
0-1: Ball
1-1: Foul Ball, location: 2F
1-2: Strikes out swinging
Batting: SHB Jorge Maldonado 0-0: Foul Ball, location: 2F
0-1: Ball
1-1: Ball
2-1: Ball
3-1: Base on Balls
Batting: SHB Jaime Martínez 0-0: Called Strike
0-1: Ball
Jorge Maldonado is caught stealing 2nd base
Top of the 6th over - 0 run(s), 0 hit(s), 0 error(s), 0 left on base; Cincinnati 5 - Bemidji 0
BOTTOM OF THE 6TH
Bemidji Benders batting - Pitching for Cincinnati Pride : RHP Fernando Silva
Batting: RHB Phil Moore 0-0: Fly out, F9 (Flyball, 9LSF)
Batting: LHB Simăo Polido 0-0: SINGLE (Line Drive, 7LS)
Batting: RHB Sandro Hernández 0-0: Ball
1-0: Called Strike
1-1: Grounds into double play, 5-4-3 (Groundball, 5L)
Bottom of the 6th over - 0 run(s), 1 hit(s), 0 error(s), 0 left on base; Cincinnati 5 - Bemidji 0
TOP OF THE 7TH
Cincinnati Pride batting - Pitching for Bemidji Benders : RHP Sergio Hernández
Batting: SHB Jaime Martínez 0-0: Swinging Strike
0-1: Ball
1-1: Ball
2-1: DOUBLE (Groundball, 3L)
Batting: RHB Jorge Silva 0-0: Called Strike
0-1: Called Strike
0-2: Foul Ball, location: 2F
0-2: Hit by Pitch
Batting: LHB John Clark 0-0: Swinging Strike
0-1: Ball
1-1: Ground out U3 (Groundball, 34S)
Jaime Martínez to third
Jorge Silva to second
Pitching: RHP António Castaneda
Batting: LHB Gabriel Aragón 0-0: Ball
1-0: Ball
2-0: SINGLE (Groundball, 34D)
Jaime Martínez scores
Jorge Silva to third
Runner from 3rd tries for Home, SAFE, throw made home
Gabriel Aragón to second
Batting: RHB Roger Rush 0-0: Ground out 5-3 (Groundball, 56S)
Gabriel Aragón to third
Batting: RHB Keith Sheehan 0-0: Ball
1-0: Ball
2-0: Ball
3-0: Called Strike
3-1: Base on Balls
Batting: RHB Burkhard Bittinger 0-0: Fly out, F7 (Flyball, 7LM)
Top of the 7th over - 2 run(s), 2 hit(s), 0 error(s), 2 left on base; Cincinnati 7 - Bemidji 0
BOTTOM OF THE 7TH
Bemidji Benders batting - Pitching for Cincinnati Pride : RHP Fernando Silva
Batting: RHB Robert Rose 0-0: Ball
1-0: Foul Ball, location: 2F
1-1: Ball
2-1: Swinging Strike
2-2: Ball
3-2: Fly out, F5 (Popup, 56D)
Batting: SHB Gary Williams 0-0: Called Strike
0-1: Swinging Strike
0-2: Foul Ball, location: 2F
0-2: Strikes out swinging
Batting: RHB Pedro López 0-0: Ball
1-0: Ball
2-0: Foul Ball, location: 2F
2-1: Fly out, F9 (Flyball, 9LM)
Bottom of the 7th over - 0 run(s), 0 hit(s), 0 error(s), 0 left on base; Cincinnati 7 - Bemidji 0
TOP OF THE 8TH
Cincinnati Pride batting - Pitching for Bemidji Benders : RHP António Castaneda
Batting: RHB Gary Miller 0-0: Foul Ball, location: 2F
0-1: Ball
1-1: Called Strike
1-2: Ball
2-2: Foul Ball, location: 2F
2-2: Strikes out swinging
Batting: SHB Jorge Maldonado 0-0: Ball
1-0: Swinging Strike
1-1: Ball
2-1: Called Strike
2-2: Ground out 4-3 (Groundball, 4)
Batting: SHB Jaime Martínez 0-0: DOUBLE (Line Drive, 78M)
Batting: RHB Jorge Silva 0-0: Foul Ball, location: 2F
0-1: Called Strike
0-2: Ball
1-2: Strikes out swinging
Top of the 8th over - 0 run(s), 1 hit(s), 0 error(s), 1 left on base; Cincinnati 7 - Bemidji 0
BOTTOM OF THE 8TH
Bemidji Benders batting - Pitching for Cincinnati Pride : RHP Fernando Silva
Batting: LHB Pat Carroll 0-0: Ball
1-0: Called Strike
1-1: Ball
2-1: Foul Ball, location: 2F
2-2: Foul Ball, location: 2F
2-2: Foul Ball, location: 2F
2-2: Foul Ball, location: 2F
2-2: Foul Ball, location: 2F
2-2: Ball
3-2: Foul Ball, location: 2F
3-2: Strikes out looking
Pitching: LHP Josh Wall
Batting: RHB Roberto Villela 0-0: Ball
1-0: Foul Ball, location: 2F
1-1: SINGLE (Flyball, 8LS)
Batting: RHB John Jones 0-0: Fly out, F7 (Line Drive, 7)
Batting: RHB Phil Moore 0-0: Called Strike
0-1: Swinging Strike
0-2: Ball
1-2: Foul Ball, location: 2F
1-2: Strikes out swinging
Bottom of the 8th over - 0 run(s), 1 hit(s), 0 error(s), 1 left on base; Cincinnati 7 - Bemidji 0
TOP OF THE 9TH
Cincinnati Pride batting - Pitching for Bemidji Benders : RHP António Castaneda
Batting: LHB John Clark 0-0: SOLO HOME RUN (Flyball, 9D), Distance : 360 ft
Batting: LHB Gabriel Aragón 0-0: Foul Ball, location: 2F
0-1: Foul Ball, location: 2F
0-2: Strikes out swinging
Pitching: LHP Pedro González
Batting: RHB Roger Rush 0-0: Ball
1-0: Ball
2-0: Ground out 6-3 (Groundball, 6)
Batting: RHB Keith Sheehan 0-0: Called Strike
0-1: Ball
1-1: Fly out, F9 (Flyball, 9S)
Top of the 9th over - 1 run(s), 1 hit(s), 0 error(s), 0 left on base; Cincinnati 8 - Bemidji 0
BOTTOM OF THE 9TH
Bemidji Benders batting - Pitching for Cincinnati Pride : LHP Josh Wall
Batting: LHB Simăo Polido 0-0: Ball
1-0: Called Strike
1-1: Fly out, F6 (Popup, 6D)
Batting: RHB Sandro Hernández 0-0: Ball
1-0: Ball
2-0: Ball
3-0: Base on Balls
Batting: RHB Robert Rose 0-0: Foul Ball, location: 2F
0-1: Ball
1-1: Ball
2-1: Called Strike
2-2: Ball
3-2: Foul Ball, location: 2F
3-2: Strikes out swinging
Batting: SHB Gary Williams 0-0: Called Strike
Pickoff Throw by Catcher to First - Out!
Bottom of the 9th over - 0 run(s), 0 hit(s), 0 error(s), 0 left on base; Cincinnati 8 - Bemidji 0
Thursday, March 30th, 2017 - OOTP Baseball 17.12 Build 75